[Event "Open Nuevo Centro. Jornada 2"]
[Site "Chess.com"]
[Date "2020.06.26"]
[Round "6"]
[White "Giaccio González, Alfredo Gustavo"]
[Black "García Oviedo, Alejandro"]
[Result "0-1"]
[WhiteElo "2353"]
[BlackElo "1899"]
[TimeControl "180+2"]
[EndTime "11:37:23 PDT"]
[Termination "Victoria de alexgarov por abandono"]

1. e4 d5 2. exd5 Qxd5 3. Nf3 Nf6 4. d4 Bf5 5. Be2 e6 6. O-O Be7 7. Be3 O-O 8. c4 Qd8 9. Nc3 Nbd7 10. h3 h6 11. Qb3 Qc8 12. Rad1 c6 13. Rfe1 Ne4 14. Bf1 Nxc3 15. Qxc3 Bd6 16. Ne5 Qc7 17. f4 Nf6 18. g4 Bh7 19. Bg2 Ne4 20. Qc2 Bb4 21. Bxe4 Bxe4 22. Qxe4 Bxe1 23. Rxe1 Rad8 24. Bf2 Qa5 25. a3 Qd2 26. Qe2 Qxf4 27. Kg2 Qf6 28. Rf1 Qe7 29. Be3 c5 30. dxc5 a5 31. b4 Qc7 32. Bf4 Rd4 33.
Ng6 Qc6+ 34. Kg3 fxg6 35. Bd6 Rxd6 36. Rxf8+ Kxf8 37. cxd6 Qxd6+ 38. Kg2 axb4 39. Qf3+ Kg8 40. Qxb7 Qd2+ 41. Kg1 bxa3 42. Qa8+ Kh7 43. Qxa3 Qd4+ 44. Kg2 Qxc4 45. Qe3 Qd5+ 46. Kg3 e5 47. h4 Qe6 48. Qe4 Qb3+ 49. Kg2 Qc3 50. h5 Qd2+ 51. Kg3 Qg5 52. hxg6+ Qxg6 53. Qxe5 Qd3+ 54. Kg2 Kg6 55. Kf2 Qd2+ 56.
Kf3 Qd1+ 57. Kf2 Qxg4 58. Qd6+ Kh7 59. Qd3+ Qg6 60. Qd4 Qf6+ 61. Qxf6 gxf6 62. Kg3 Kg6 0

[Event "Open Nuevo Centro. Jornada 2"]
[Site "Chess.com"]
[Date "2020.06.26"]
[Round "6"]
[White "Aguado, Pablo Luis"]
[Black "Gil López, Alejandro"]
[Result "1/2-1/2"]
[WhiteElo "1806"]
[BlackElo "2108"]
[TimeControl "180+2"]
[EndTime "11:37:31 PDT"]
[Termination "Tablas por repeticiÃ³n de movimientos"]

1. d4 e5 2. dxe5 d6 3. exd6 Bxd6 4. Nf3 Nc6 5. Nc3 Bg4 6. e3 Qe7 7. Be2 O-O-O 8. Bd2 Nf6 9. O-O h5 10. Nd4 Nxd4 11. exd4 Rhe8 12. Re1 Qd7 13. Bg5 Qf5 14. Be3 Bxe2 15. Qxe2 Ng4 16. h3 Nxe3 17. fxe3 Qg5 18. Qf3 f6 19. Re2 Kb8 20. Rf1 a6 21. e4 Re7 22.
Nd5 Ree8 23. c4 c6 24. Nc3 Bc7 25. Rd1 Bb6 26. c5 Bc7 27. d5 cxd5 28. Nxd5 f5 29. exf5 Rxe2 30. Qxe2 Qxf5 31. Nxc7 Rxd1+ 32. Qxd1 Kxc7 33. Qc1 Kc6 34. b4 Qe5 35. a3 h4 36. Kh1 g5 37.
Kg1 Kb5 38. Kh1 a5 39. Qc2 axb4 40. axb4 Qe1+ 41. Kh2 Qxb4 42. Qd3+ Kxc5 43. Qe3+ Kc6 44. Qxg5 Qd6+ 45. Kh1 Qd1+ 46. Kh2 Qd6+ 47. Kh1 Qg3 48. Qc1+ Kd6 49. Qd2+ Kc6 50. Qc2+ Kb6 51. Qb2+ Kc6 52. Qf6+ Kc5 53. Qf5+ Kc4 54. Qe4+ Kc3 55. Qxb7 Qe1+ 56.
Kh2 Qg3+ 57. Kh1 Qe1+ 58. Kh2 Qg3+ 59. Kh1 1/2-1

[Event "Open Nuevo Centro. Jornada 2"]
[Site "Chess.com"]
[Date "2020.06.26"]
[Round "6"]
[White "Mora Bort, Miguel Ángel"]
[Black "Cebolla Ruiz, David"]
[Result "0-1"]
[WhiteElo "1154"]
[BlackElo "1566"]
[TimeControl "180+2"]
[EndTime "11:37:56 PDT"]
[Termination "Victoria de Dabelcebolla por tiempo"]

1. d4 Nf6 2. c4 g6 3. Nc3 Bg7 4. e4 d6 5. Nf3 O-O 6. Be2 e5 7. d5 a5 8. O-O Na6 9. Be3 Nh5 10. Nd2 Nf4 11. Bxf4 exf4 12. Bg4 Bxg4 13. Qxg4 Bxc3 14. bxc3 Qf6 15. Rac1 Nc5 16. Qf3 Rfe8 17. Rfe1 Qe5 18. Nb3 Nxb3 19. axb3 a4 20. bxa4 Rxa4 21.
c5 dxc5 22. c4 Ra2 23. Qb3 Ra7 24. Qb5 b6 25. Qc6 Rd8 26. f3 Rd6 27. Qb5 Ra5 28.
Qb3 Qd4+ 29. Kh1 Qd2 30. Red1 Qb4 31. Qc3 Qxc3 32. Rxc3 c6 33. Rb1 cxd5 34. cxd5 Rd8 35. h3 Ra6 36. Rcb3 Rb8 37. Rd3 Kf8 38. d6 Ke8 39. d7+ Kd8 40. Rbd1 Rb7 41. Rd6 Raa7 42. Rb1 Rxd7 43. Rdxb6 Rd2 44. R6b5 Raa2 45. Rg1 c4 46.
Rc5 Rd4 47. Rd5+ Rxd5 48. exd5 Kd7 49. Rc1 Ra4 50. Rc3 Kd6 51. Kg1 Kxd5 52. Kf2 Kd4 53. Rc1 c3 54. Ke1 Kd3 55. Rd1+ Ke3 56. Rc1 Ra3 57.
Kd1 Kd3 58. Rb1 c2+ 59. Kc1 cxb1=Q+ 0

[Event "Open Nuevo Centro. Jornada 2"]
[Site "Chess.com"]
[Date "2020.06.26"]
[Round "6"]
[White "Reig Albero, Ferran"]
[Black "Chernikov, Vladimir"]
[Result "1/2-1/2"]
[WhiteElo "1808"]
[BlackElo "2267"]
[TimeControl "180+2"]
[EndTime "11:38:02 PDT"]
[Termination "Tablas por repeticiÃ³n de movimientos"]

1. e4 c5 2. Nf3 Nc6 3. d4 cxd4 4.
Nxd4 e5 5. Nb5 d6 6. c4 Be7 7.
N1c3 a6 8. Na3 f5 9. exf5 Bxf5 10. Bd3 Be6 11. O-O Nf6 12. Be3 O-O 13. h3 Qd7 14. Kh2 Rad8 15. Qe2 Nd4 16. Bxd4 exd4 17. Ne4 Nxe4 18. Qxe4 Bf5 19. Qxd4 Bf6 20. Qd5+ Be6 21. Qe4 Bf5 22. Qd5+ Be6 23. Qe4 g6 24. Rab1 d5 25. cxd5 Bxd5 26. Qg4 Qxg4 27. hxg4 Bxa2 28. Bc4+ Bxc4 29.
Nxc4 Rd4 30. b3 Rxg4 31. Rbd1 b5 32. Ne3 Rd4 33. Rxd4 Bxd4 34. Rd1 Bxe3 35. fxe3 Re8 36. Rd3 Kf7 37. Kg3 Kf6 38. Kf3 b4 39. Rd4 a5 40. Rd5 Re5 41. Rd6+ Re6 42. Rd5 Re5 43.
Rd6+ Kg5 44. Ra6 Rc5 45. g3 Kf5 46. Ra7 h5 47. Ra6 g5 48. Ra8 g4+ 49. Ke2 Rc2+ 50. Kd3 Rc3+ 51. Kd4 Rxb3 52. Rxa5+ Kg6 53. Ra6+ Kg5 54.
Ra5+ Kh6 55. Ra6+ Kg7 56. Ra5 Rb1 57. Rxh5 Kf6 58. Rb5 Rg1 59. e4 Rxg3 60. Rxb4 Ra3 61. Rb6+ Ke7 62. Ke5 g3 63. Rg6 Ra5+ 64. Kf4 Kf7 65.
Rxg3 Ra1 66. Rb3 Rf1+ 67. Ke5 Ke7 68. Rb7+ Kd8 69. Ke6 Ra1 70. e5 Ra6+ 71. Kf5 Ra5 72. Rh7 Ra1 73. Rh8+ Ke7 74. Rh7+ Kd8 75. Rh8+ Ke7 76.
Rh7+ Kd8 1/2-1

[Event "Open Nuevo Centro. Jornada 2"]
[Site "Chess.com"]
[Date "2020.06.26"]
[Round "6"]
[White "Silva Rodriguez, Fernando"]
[Black "Montesinos Diaz, Luis"]
[Result "1-0"]
[WhiteElo "2473"]
[BlackElo "1878"]
[TimeControl "180+2"]
[EndTime "11:38:17 PDT"]
[Termination "Victoria de HarnFer por abandono"]

1. d4 d5 2. Nc3 Nf6 3. Bf4 Bf5 4. f3 e6 5. g4 Bg6 6. h4 h5 7. g5 Nfd7 8. e3 c5 9. Bd3 Bxd3 10. Qxd3 Nc6 11. O-O-O c4 12. Qd2 Qa5 13. e4 O-O-O 14. Nge2 b5 15. exd5 exd5 16. a3 b4 17. Nb1 Qa6 18.
Qe3 bxa3 19. bxa3 Nb6 20. Nec3 Bxa3+ 21. Nxa3 Qxa3+ 22. Kd2 Rhe8 23. Qf2 Na4 24. Nxa4 Qxa4 25. Ra1 Qb4+ 26. Kc1 c3 27. Rb1 Qxd4 28. Qxd4 Nxd4 29. Rb4 Ne2+ 30. Kb1 Nxf4 31. Rxf4 Re7 32. Rd1 Kc7 33. Rd3 Rb8+ 34. Ka2 Rb2+ 35. Ka3 Rxc2 36. Kb3 Rce2 37. Rxd5 Kc6 38. Rd3 c2 39. Rc4+ Kb5 40. Rd5+ Kb6 41. Rd6+ Kb7 42. Rxc2 R7e3+ 43. Rc3 Rxc3+ 44.
Kxc3 Re3+ 45. Kd4 Rxf3 46. Rd7+ Kc6 47. Rxa7 Rf4+ 48. Ke5 Rxh4 49. Rxf7 Rg4 50. Rxg7 h4 51. Kf5 Rg1 52. Rh7 Rf1+ 53. Ke6 Re1+ 54. Kf6 Rf1+ 55. Kg7 Rf4 56. g6 Kd6 57. Kh8 Ke6 58. g7 h3 59. g8=Q+ Kf6 60. Rxh3 Ra4 61. Qg7+ Ke6 62. Rh6+ Kd5 63. Qd7+ 1

[Event "Open Nuevo Centro. Jornada 2"]
[Site "Chess.com"]
[Date "2020.06.26"]
[Round "6"]
[White "Donate Moreno, Silvia"]
[Black "Martinez Hernandez, Paula"]
[Result "1/2-1/2"]
[WhiteElo "1788"]
[BlackElo "2022"]
[TimeControl "180+2"]
[EndTime "11:38:24 PDT"]
[Termination "Partida en tablas por mutuo acuerdo"]

1. e4 c6 2. d4 d5 3. exd5 cxd5 4. Bd3 Nc6 5. c3 Nf6 6. Bf4 Bg4 7. Qb3 Qd7 8. Nd2 e6 9. Ngf3 Be7 10. O-O O-O 11.
Ne5 Nxe5 12. dxe5 Ne8 13. Qc2 Bf5 14. Bxf5 exf5 15. Rad1 g5 16. Be3 f4 17. Bd4 Nc7 18. Nf3 Qe6 19. Qb3 b6 20. Ne1 Rfd8 21. a4 h5 22. a5 bxa5 23. Qa4 Qa6 24. Ra1 Ne6 25.
Qxa5 Qc4 26. Qa4 Nxd4 27. cxd4 Qe2 28. f3 Qxb2 29. Rf2 Qb4 30. Qxb4 Bxb4 31. Nc2 Bc3 32. Ra3 Rac8 33. Rf1 a5 34. Rb1 Rb8 35. Rxb8 Bxd4+ 36. Nxd4 Rxb8 37. Rxa5 Rb4 38. Rxd5 Kf8 39. Ne2 Rb2 40. Kf2 Ke7 41. e6 f6 42. Rd7+ Kxe6 43. Rh7 h4 44. g3 fxg3+ 45. hxg3 hxg3+ 46. Kxg3 Rxe2 47. f4 gxf4+ 48. Kxf4 Ra2 49. Rh5 Ra4+ 50. Ke3 f5 51. Rh6+ Ke5 52. Rh8 Ra3+ 53. Ke2 Kf4 54. Rb8 Ra2+ 55.
Kf1 Kg3 56. Rb3+ Kg4 57. Rc3 f4 58. Rb3 f3 59. Rb8 Ra5 60. Rg8+ Rg5 61. Rxg5+ Kxg5 62. Kf2 Kg4 63. Kf1 Kg3 64. Kg1 Kf4 65. Kf2 Ke4 66. Kf1 Kf5 67. Kf2 Kf4 68. Kf1 Ke3 69. Ke1 Ke4 1/2-1

[Event "Open Nuevo Centro. Jornada 2"]
[Site "Chess.com"]
[Date "2020.06.26"]
[Round "6"]
[White "Clement Gómez, José Antonio"]
[Black "Randazzo, Adrián"]
[Result "1-0"]
[WhiteElo "2494"]
[BlackElo "2470"]
[TimeControl "180+2"]
[EndTime "11:38:28 PDT"]
[Termination "Victoria de P4AD por abandono"]

1. c4 c5 2. g3 Nc6 3. Bg2 g6 4.
Nc3 Bg7 5. Nf3 d6 6. d3 e5 7.
Rb1 Nge7 8. O-O O-O 9. Ne1 Be6 10. Nc2 d5 11. b3 b6 12. e4 d4 13. Nd5 f5 14. f4 Qd7 15. b4 fxe4 16. dxe4 Rac8 17.
bxc5 bxc5 18. Ne1 Bg4 19. Qd2 Rb8 20. Rxb8 Rxb8 21. Nd3 Rf8 22. Nxc5 Qd6 23. Ba3 exf4 24. gxf4 Nxd5 25. cxd5 d3 26. e5 Nxe5 27. fxe5 Bxe5 28.
Rxf8+ Qxf8 29. Qxd3 Qf4 30. Ne4 Qxh2+ 31. Kf1 Qf4+ 32. Ke1 h5 33. d6 Bd7 34. Qf3 Qh4+ 35. Kd2 Kg7 36. Kc2 Qh2 37. Bb2 h4 38. Bxe5+ Qxe5 39.
Qd3 h3 40. Bf3 h2 41. Qc3 Qxc3+ 42. Kxc3 Bg4 43. Bg2 Bf5 44. Kd4 a5 45. Ke5 a4 46. a3 Bg4 47. Nc5 Kf7 48. Bd5+ Ke8 49. Kf6 Bf5 50. Bc6+ Kd8 51. Ne6+ Bxe6 52. Kxe6 g5 53.
Kf5 g4 54. Kxg4 h1=Q 55. Bxh1 Kd7 56. Bf3 Kxd6 57. Bd1 Kc5 58. Bxa4 Kc4 59. Be8 Kb3 60. a4 Kb4 61. Kf4 Ka5 62. Ke4 Kb6 63. Kd4 Ka5 64.
Kc5 Ka6 65. Bb5+ Ka5 66. Bc6 Ka6 67. Kb4 Kb6 68. Be4 Ka6 69. Bd3+ Kb6 70. Bc4 Ka7 71. a5 Kb7 72. Kb5 Ka7 73. Bd3 1

[Event "Open Nuevo Centro. Jornada 2"]
[Site "Chess.com"]
[Date "2020.06.26"]
[Round "7"]
[White "Martinez Hernandez, Paula"]
[Black "Reig Albero, Ferran"]
[Result "0-1"]
[WhiteElo "2010"]
[BlackElo "1820"]
[TimeControl "180+2"]
[EndTime "11:39:40 PDT"]
[Termination "Victoria de Narref por abandono"]

1. e4 c5 2. Nc3 d6 3. g3 g6 4.
Bg2 Bg7 5. Nge2 Nc6 6. d3 e6 7.
Be3 Nge7 8. Qd2 a6 9. h4 h5 10. f4 b5 11. O-O b4 12. Nd1 Bb7 13. c3 bxc3 14. b3 0

[Event "Open Nuevo Centro. Jornada 2"]
[Site "Chess.com"]
[Date "2020.06.26"]
[Round "7"]
[White "Camison Zornoza, Cesar"]
[Black "Beneyto de Ramon, Guillermo"]
[Result "1-0"]
[WhiteElo "1713"]
[BlackElo "1502"]
[TimeControl "180+2"]
[EndTime "11:41:15 PDT"]
[Termination "Victoria de cczchess por jaque mate"]

1. e4 Nf6 2. e5 Nd5 3. d4 d6 4.
Nf3 dxe5 5. Nxe5 c6 6. Bc4 Bf5 7. O-O Nd7 8. Re1 Nxe5 9. Rxe5 e6 10. Qe2 Bg6 11. Rxd5 cxd5 12. Bb5+ Ke7 13. Bg5+ f6 14. Bf4 Qa5 15. Nc3 Rc8 16. Re1 a6 17. Qxe6+ Kd8 18.
Qd7# 1

[Event "Open Nuevo Centro. Jornada 2"]
[Site "Chess.com"]
[Date "2020.06.26"]
[Round "7"]
[White "Méndez Giménez , Néstor Emmanuel"]
[Black "Yeste Campos, Manuel"]
[Result "1-0"]
[WhiteElo "1122"]
[BlackElo "916"]
[TimeControl "180+2"]
[EndTime "11:41:51 PDT"]
[Termination "Victoria de NestorMendez8 por jaque mate"]

1. e4 c5 2. Nf3 d6 3. d4 cxd4 4. Qxd4 e5 5. Qd3 Nf6 6. Nc3 Nc6 7. g3 Be7 8. Bg2 O-O 9. O-O h6 10. b3 Nb4 11. Qd2 Be6 12. Bb2 d5 13. exd5 Nfxd5 14. Rfd1 Nxc3 15. Qxc3 Qb6 16. Nxe5 Rac8 17. Nc4 Bxc4 18.
Qxg7# 1

[Event "Open Nuevo Centro. Jornada 2"]
[Site "Chess.com"]
[Date "2020.06.26"]
[Round "7"]
[White "Chernikov, Vladimir"]
[Black "Gracia Calvo, Andrés"]
[Result "1-0"]
[WhiteElo "2268"]
[BlackElo "1817"]
[TimeControl "180+2"]
[EndTime "11:41:57 PDT"]
[Termination "Victoria de isla88 por abandono"]

1. b3 c6 2. Bb2 d5 3. Nf3 Bf5 4. d3 Nf6 5. Nbd2 Nbd7 6. g3 e6 7. Bg2 h6 8. O-O Be7 9. Qe1 O-O 10. e4 Bh7 11. Qe2 Re8 12. a4 a5 13. Rad1 Qc7 14.
Nd4 dxe4 15. Nxe4 Nc5 16. Nxc5 Bxc5 17. Nf3 Be7 18. Ne5 Red8 19. Ng4 1

[Event "Open Nuevo Centro. Jornada 2"]
[Site "Chess.com"]
[Date "2020.06.26"]
[Round "7"]
[White "Albuixech Sanz, Jorge"]
[Black "Donate Peris, Jose Manuel"]
[Result "1-0"]
[WhiteElo "1502"]
[BlackElo "1589"]
[TimeControl "180+2"]
[EndTime "11:43:25 PDT"]
[Termination "Victoria de Gamyi2 por jaque mate"]

1. e4 e5 2. Nf3 Nc6 3. Nc3 d6 4.
d4 exd4 5. Nxd4 Nxd4 6. Qxd4 Qf6 7. Be3 Qxd4 8. Bxd4 f6 9. Nd5 Kd8 10. O-O-O Ne7 11. Nf4 Nc6 12. Bc3 g5 13. Nd5 Rg8 14. Bxf6+ Be7 15. Bxe7+ Nxe7 16. Bc4 Bd7 17. Nxe7 Kxe7 18.
Bxg8 Rxg8 19. Rhe1 Rf8 20. f3 Kf6 21. e5+ Kg6 22.
exd6 Bf5 23. dxc7 Rc8 24. Re7 Kf6 25. Rde1 h6 26. g4 Bg6 27. R1e6# 1

[Event "Open Nuevo Centro. Jornada 2"]
[Site "Chess.com"]
[Date "2020.06.26"]
[Round "7"]
[White "Sanchez Saez, Francisco"]
[Black "Gutierrez Marco, Dario"]
[Result "1-0"]
[WhiteElo "2282"]
[BlackElo "1912"]
[TimeControl "180+2"]
[EndTime "11:43:49 PDT"]
[Termination "Victoria de Pacman1995 por abandono"]

1. e4 c5 2. Nf3 e6 3. d4 cxd4 4. c3 Nf6 5. e5 Nd5 6. cxd4 d6 7. exd6 Bxd6 8. Nc3 Nxc3 9. bxc3 Qc7 10. Bd2 b6 11.
Bd3 Bb7 12. O-O Nd7 13. Rc1 O-O 14. c4 f5 15. Re1 Rae8 16. Bc3 e5 17. d5 e4 18. Ng5 exd3 19. Rxe8 Rxe8 20. Qh5 Qc8 21. Qf7+ 1

[Event "Open Nuevo Centro. Jornada 2"]
[Site "Chess.com"]
[Date "2020.06.26"]
[Round "7"]
[White "Mora Bort, Miguel Ángel"]
[Black "Elenkov Olmo, Ivan"]
[Result "1-0"]
[WhiteElo "1159"]
[BlackElo "900"]
[TimeControl "180+2"]
[EndTime "11:43:50 PDT"]
[Termination "Victoria de miguelon41 por abandono"]

1. e4 e5 2. f4 exf4 3. Nf3 d5 4.
exd5 Qxd5 5. Nc3 Qe6+ 6. Be2 Bb4 7. d4 Bxc3+ 8. bxc3 Nf6 9. Bxf4 Ne4 10. Qd3 f5 11. O-O O-O 12. Nd2 Nxd2 13. Qxd2 Nd7 14. Bd3 c5 15. Rfe1 Qf7 16. Qe2 Nf6 17. Be5 Re8 18.
Bc4 Qxc4 19. Qxc4+ Be6 20. Qxc5 1

[Event "Open Nuevo Centro. Jornada 2"]
[Site "Chess.com"]
[Date "2020.06.26"]
[Round "7"]
[White "SIMARRO PEIRÓ, ANDRÉS"]
[Black "Casado Andreu, David"]
[Result "0-1"]
[WhiteElo "1032"]
[BlackElo "1627"]
[TimeControl "180+2"]
[EndTime "11:44:14 PDT"]
[Termination "Victoria de dave6635 por jaque mate"]

1. e4 e5 2. Nf3 Nc6 3. Nc3 Nf6 4. Bb5 Bb4 5. Bxc6 dxc6 6. d3 Bxc3+ 7. bxc3 Qe7 8. Bg5 h6 9. Bxf6 Qxf6 10. O-O Bg4 11.
h3 Bxf3 12. Qxf3 Qxf3 13. gxf3 O-O 14. Kh2 f5 15. exf5 Rxf5 16. Rg1 Rxf3 17. Rg2 Raf8 18. Rf1 R3f4 19. Rfg1 R8f7 20. Re1 Rxf2 21. Rxf2 Rxf2+ 22. Kg3 Rxc2 23. Rxe5 Rxa2 24. Re8+ Kh7 25. Rb8 b5 26. Rb7 Ra3 27. Rxc7 Rxc3 28. Rxa7 Rxd3+ 29. Kh4 c5 30. Rc7 c4 31. Rb7 Rd5 32. Kg4 Rc5 33. Kf4 c3 34. Ke3 c2 35. h4 c1=Q+ 36. Kf3 Rf5+ 37. Kg4 Qf4+ 38. Kh3 Qf3+ 39. Kh2 Re5 40. Kg1 Re1+ 41. Kh2 Re2+ 42. Kg1 Qg2# 0

[Event "Open Nuevo Centro. Jornada 2"]
[Site "Chess.com"]
[Date "2020.06.26"]
[Round "7"]
[White "Gerona Maura, Jesus"]
[Black "Tormos Beltran, Maite"]
[Result "1-0"]
[WhiteElo "1751"]
[BlackElo "1462"]
[TimeControl "180+2"]
[EndTime "11:44:20 PDT"]
[Termination "Victoria de Retistente por abandono"]

1. e4 d5 2. Nf3 dxe4 3. Ng5 Nf6 4.
d3 exd3 5. Bxd3 h6 6. Nxf7 Kxf7 7. Bg6+ Kxg6 8. Qxd8 Nbd7 9. Qxc7 e5 10. Nc3 Bc5 11. O-O Ne8 12. Qa5 b6 13. Qa4 Nd6 14.
Qg4+ Kh7 15. Ne4 Nf6 16. Nxf6+ gxf6 17. Qh4 Nf5 18. Qxf6 Rg8 19. Be3 Bb7 20. Qxf5+ Kh8 21. Qf6+ Rg7 22. Bxh6 Bf8 23. Bxg7+ Bxg7 24. Qh4+ Kg8 25.
Rad1 Rf8 26. Rd8 Kf7 27. Rxf8+ Bxf8 28. Rd1 Be7 29. Rd7 1

[Event "Open Nuevo Centro. Jornada 2"]
[Site "Chess.com"]
[Date "2020.06.26"]
[Round "7"]
[White "Gil López, Alejandro"]
[Black "Pardo Ruiz, Carlos"]
[Result "1-0"]
[WhiteElo "2111"]
[BlackElo "1847"]
[TimeControl "180+2"]
[EndTime "11:44:26 PDT"]
[Termination "Victoria de AglVal0313 por jaque mate"]

1. e4 Nf6 2. e5 Nd5 3. c4 Nb6 4. d4 d6 5. exd6 exd6 6. Nf3 Bg4 7. Be2 Nc6 8. O-O Be7 9. Nc3 O-O 10. Bf4 Bf6 11.
Be3 Re8 12. c5 dxc5 13. dxc5 Qxd1 14. Rfxd1 Nc8 15. h3 Bf5 16. Nd5 Bxb2 17. Nxc7 Bxa1 18.
Nxe8 Bc3 19. Nc7 Rb8 20. Bf4 N8e7 21. Nb5 Rd8 22. Rxd8+ Nxd8 23. Nxc3 Ndc6 24. Bd6 Ng6 25. Bc4 Na5 26. Bd5 b6 27. Ng5 Nh8 28. Nb5 a6 29.
cxb6 axb5 30. Bb4 h6 31. Bxa5 hxg5 32. b7 Kh7 33. b8=Q b4 34. Qxb4 f6 35. Be4 Bxe4 36. Qxe4+ Ng6 37. Bc3 g4 38. hxg4 f5 39. Qxf5 Kh6 40.
Qh5# 1

[Event "Open Nuevo Centro. Jornada 2"]
[Site "Chess.com"]
[Date "2020.06.26"]
[Round "7"]
[White "Yatseta Fernandez, Marc Kazymyr"]
[Black "Gómez Alonso, Óscar"]
[Result "1-0"]
[WhiteElo "1490"]
[BlackElo "1838"]
[TimeControl "180+2"]
[EndTime "11:44:26 PDT"]
[Termination "Victoria de K_73 por abandono"]

1. d4 Nf6 2. c4 e6 3. g3 d5 4. Bg2 c6 5. Nf3 Be7 6. O-O O-O 7. Bf4 Nbd7 8. Nbd2 a6 9. a3 dxc4 10. Nxc4 Nb6 11. Nfe5 Nxc4 12. Nxc4 Nd5 13. Rc1 Nxf4 14. gxf4 Bf6 15. Ne5 Qd6 16. e4 Bd7 17. Qd2 Rfd8 18. Rfd1 Be8 19. b4 b5 20. d5 exd5 21. exd5 Bxe5 22. fxe5 Qxe5 23. d6 Bd7 24. Bxc6 Bh3 25. Bxa8 Rxa8 26. Qd5 Qxd5 27. Rxd5 Rd8 28. d7 g6 29. Rc8 1

[Event "Open Nuevo Centro. Jornada 2"]
[Site "Chess.com"]
[Date "2020.06.26"]
[Round "7"]
[White "Hassomal Daswani, Birjkumar"]
[Black "Rodriguez, Mathias"]
[Result "0-1"]
[WhiteElo "1832"]
[BlackElo "1964"]
[TimeControl "180+2"]
[EndTime "11:44:37 PDT"]
[Termination "Victoria de niguil por abandono"]

1. e4 c5 2. Nf3 Nc6 3. d4 cxd4 4. Nxd4 Nf6 5. Nc3 e5 6. Nxc6 bxc6 7. Be2 Bb4 8. O-O Bxc3 9. bxc3 Nxe4 10. c4 O-O 11. Bd3 d5 12. Bxe4 dxe4 13. Qe2 Bf5 14. Ba3 Re8 15.
Bc5 Qa5 16. Qe3 Be6 17. a3 Bxc4 18. Bb4 Qc7 19. Qxe4 Bxf1 20. Rxf1 f6 21. h4 Red8 22. Bc3 Rd5 23. h5 Rad8 24. h6 Rd1 25. hxg7 Rxf1+ 26. Kxf1 Kxg7 27. g3 Qd7 28. Qh4 Qd1+ 29. Kg2 Qd5+ 30. Kh2 Qf3 31. g4 Rd1 0

[Event "Open Nuevo Centro. Jornada 2"]
[Site "Chess.com"]
[Date "2020.06.26"]
[Round "7"]
[White "Martínez Albelda, Mariela"]
[Black "Colomer Martinez, Isabel"]
[Result "0-1"]
[WhiteElo "992"]
[BlackElo "1260"]
[TimeControl "180+2"]
[EndTime "11:44:42 PDT"]
[Termination "Victoria de jupiter555 por jaque mate"]

1. d4 d5 2. Nc3 Nf6 3. Bf4 e6 4. Nf3 Bd7 5. e3 Bb4 6. Qd2 Ne4 7. Qd3 O-O 8. a3 Bxc3+ 9. bxc3 Re8 10. Be2 h6 11.
O-O Qf6 12. c4 Qg6 13. Bxc7 e5 14. dxe5 Bh3 15. Nh4 Qg5 16. Qxd5 Nc3 17. Qxb7 Nxe2+ 18. Kh1 Nd7 19. gxh3 Qxh4 20. Rae1 Qxh3 21. Rxe2 Qxf1# 0

[Event "Open Nuevo Centro. Jornada 2"]
[Site "Chess.com"]
[Date "2020.06.26"]
[Round "7"]
[White "Valverde Alcaide, Miguel Alejandro"]
[Black "Rojo Everss, Noel"]
[Result "1-0"]
[WhiteElo "865"]
[BlackElo "682"]
[TimeControl "180+2"]
[EndTime "11:44:47 PDT"]
[Termination "Victoria de mentafurterei por jaque mate"]

1. e4 e5 2. Bc4 Nf6 3. Qe2 Nc6 4.
Nf3 Bb4 5. c3 Bc5 6. Ng5 d5 7.
exd5 Nxd5 8. Qf3 Nf6 9. Nxf7 Ng4 10. Nxd8 Bxf2+ 11. Kf1 Nxd8 12. Qxg4 Bxg4 13. Kxf2 Rf8+ 14. Kg3 Nf7 15. d3 O-O-O 16. Kxg4 Nh6+ 17. Kh3 Rf2 18. Re1 Rdf8 19. Be3 Rf1 20. Re2 R1f2 21. Rxf2 Rxf2 22. Bxf2 Ng4 23. Kxg4 e4 24. dxe4 a5 25. Nd2 a4 26.
Re1 Kb8 27. e5 a3 28. bxa3 g5 29. e6 h5+ 30. Kxg5 h4 31. e7 h3 32. e8=Q# 1

[Event "Open Nuevo Centro. Jornada 2"]
[Site "Chess.com"]
[Date "2020.06.26"]
[Round "7"]
[White "Conejero Martínez, Víctor"]
[Black "Amorós Pérez, Manuel David"]
[Result "0-1"]
[WhiteElo "1364"]
[BlackElo "1642"]
[TimeControl "180+2"]
[EndTime "11:45:20 PDT"]
[Termination "Victoria de mpad1984 por jaque mate"]

1. d4 d5 2. c4 dxc4 3. e3 e6 4. Bxc4 c5 5. Nc3 Nf6 6. Nf3 Nc6 7. O-O cxd4 8. exd4 Bb4 9. Bg5 O-O 10. d5 exd5 11. Nxd5 Be7 12. Nxe7+ Qxe7 13. Re1 Qc5 14. Qc1 Qf5 15. Qc3 Ne4 16. Qe3 Nxg5 17. Nxg5 h6 18. Bd3 Qxg5 19. Qxg5 hxg5 20. Re3 Be6 21. Rg3 f6 22. h4 gxh4 23. f4 hxg3 24. f5 Bd5 25. Rf1 Rfe8 26. a3 Re3 27. Bb5 Rae8 28. Ba4 Re1 29.
Bc2 Rxf1+ 30. Kxf1 Nd4 31. Bd3 Re5 32. b4 Nxf5 33. a4 Ne3+ 34. Ke2 Nc4+ 35. Kf1 Nb2 36. Bb5 a6 37. Bd7 Bc6 38. Bg4 Bxa4 39. Bh3 Bb5+ 40. Kg1 Re1# 0

[Event "Open Nuevo Centro. Jornada 2"]
[Site "Chess.com"]
[Date "2020.06.26"]
[Round "7"]
[White "Crevillen Abad, Clemente"]
[Black "Sverdlik Roldán, Elías"]
[Result "1-0"]
[WhiteElo "1749"]
[BlackElo "765"]
[TimeControl "180+2"]
[EndTime "11:45:24 PDT"]
[Termination "Victoria de Clementovich por abandono"]

1. e4 e5 2. Nf3 Nc6 3. Bb5 d6 4. d4 Bd7 5. Bxc6 Bxc6 6. dxe5 dxe5 7. Qxd8+ Rxd8 8. Nc3 Bb4 9. Bd2 Nf6 10. Nxe5 Bxc3 11. Bxc3 O-O 12. Nxc6 bxc6 13. f3 c5 14. Ke2 c4 15.
Rad1 c5 16. Rxd8 Rxd8 17. Rd1 Rxd1 18. Kxd1 Nd7 19. Ke2 Nb6 20. Kd2 Na4 21. Be5 f6 22. Bb8 a5 23. b3 c3+ 24. Ke3 Nb6 25. Bc7 c4 26. Bxb6 cxb3 27. axb3 g6 28. Bxa5 f5 29. Bxc3 Kf7 30. exf5 gxf5 31. Kf4 Ke6 32. Be5 1

[Event "Open Nuevo Centro. Jornada 2"]
[Site "Chess.com"]
[Date "2020.06.26"]
[Round "7"]
[White "García Oviedo, Alejandro"]
[Black "Garcia, Jhoel"]
[Result "0-1"]
[WhiteElo "1896"]
[BlackElo "2302"]
[TimeControl "180+2"]
[EndTime "11:45:29 PDT"]
[Termination "Victoria de shoels por abandono"]

1. Nf3 d5 2. g3 Nc6 3. Bg2 e5 4. O-O e4 5. Ne1 f5 6. c4 d4 7. d3 Nf6 8. Bg5 exd3 9. exd3 Be7 10. Nc2 O-O 11. Nd2 h6 12. Bxf6 Bxf6 13. b4 a5 14. a3 Ne5 15. Nb3 axb4 16. axb4 Rxa1 17. Ncxa1 f4 18. Bd5+ Kh8 19. Nxd4 c6 20. Ne6 Bxe6 21.
Bxe6 Nxd3 22. Nc2 Bc3 23. Qb1 fxg3 24. hxg3 Qd6 25. Bh3 Nxf2 26. Rxf2 Qxg3+ 27. Rg2 Qxh3 28. Qd1 Bf6 29. Qd6 Rd8 30. Qh2 Rd1+ 31. Kf2 Bh4+ 0

[Event "Open Nuevo Centro. Jornada 2"]
[Site "Chess.com"]
[Date "2020.06.26"]
[Round "7"]
[White "Morata Briones, Carlos"]
[Black "Rausell Taberner, Diego"]
[Result "1-0"]
[WhiteElo "894"]
[BlackElo "565"]
[TimeControl "180+2"]
[EndTime "11:45:30 PDT"]
[Termination "Victoria de CarlosMorata por jaque mate"]

1. e4 e5 2. Qh5 Nc6 3. Bc4 g6 4. Qf3 Nf6 5. Nh3 Nd4 6. Qd3 Bb4 7. Ng5 O-O 8. Bxf7+ Rxf7 9. Nxf7 Kxf7 10. c3 Nh5 11. cxd4 Qg5 12. Qc4+ Ke8 13. Qxb4 Qxg2 14. Rf1 Qxh2 15.
b3 Nf4 16. Ba3 Nd3+ 17. Kd1 Nxb4 18. Bxb4 Qh5+ 19. f3 b6 20. Nc3 Ba6 21. Re1 Qxf3+ 22. Kc2 Qd3+ 23. Kb2 Qxd2+ 24. Ka3 c5 25. dxc5 bxc5 26.
Bxc5 Qxc3 27. Rec1 Qa5+ 28. Kb2 Bd3 29. Rd1 Bxe4 30.
Re1 Bf5 31. Rxe5+ Kd8 32. Be7+ Kc8 33. Rxa5 h5 34. Rc5+ Kb8 35. Rb5+ Kc7 36. Rc1+ Bc2 37.
Rxc2# 1